 Dungeon Crawl Stone Soup version 0.29.0-5-ge4962eb29e (webtiles) character file.

Game seed: 8683239544675374208

9 Armakuni the Cudgeller (level 2, 0/26 HPs)
             Began as a Meteoran Delver on Aug 28, 2022.
             Succumbed to an adder's poison
             ... on level 3 of the Dungeon.
             The game lasted 00:01:01 (73 turns).

Armakuni the Cudgeller (Meteoran Delver)              Turns: 73, Time: 00:01:01

Health: 0/26       AC:  3    Str: 13    XL:     2   Next: 41%
Magic:  3/3        EV: 12    Int: 11    God:
Gold:   7          SH:  0    Dex: 15    Spells: 1/1 levels left

rFire   . . .      SeeInvis .   a - +0 mace
rCold   . . .      Faith    .   (no shield)
rNeg    . . .      Spirit   .   b - +0 leather armour
rPois   .          Reflect  .   (no helmet)
rElec   .          Harm     .   (no cloak)
rCorr   .          Rampage  .   (no gloves)
Will    .....                   (no boots)
Stlth   +.........              (no amulet)
HPRegen 0.08/turn               (no ring)
MPRegen 0.08/turn               (no ring)

@: lethally poisoned (0 -> -2), hasted, glowing, very quick
A: sense surroundings 1, otherworldly, glowing, explore regen
a: no special abilities


You were on level 3 of the Dungeon.
You visited 1 branch of the dungeon, and saw 3 of its levels.

You collected 7 gold pieces.

Inventory:

Hand Weapons
 a - a +0 mace (weapon)
Armour
 b - a +0 leather armour (worn)
Wands
 g - a wand of digging (3)
Scrolls
 c - a scroll of fog


   Skills:
 - Level 3.2 Fighting
 + Level 3.8 Maces & Flails
 - Level 2.4 Dodging
 - Level 3.7 Stealth


You had one spell level left.
You didn't know any spells.
Your spell library was empty.

Dungeon Overview and Level Annotations

Branches:
Dungeon (5/15) Zot: 1724
 Temple: D:4-7

Altars:


Innate Abilities, Weirdness & Mutations

You passively map a small area around you.
You are easily found by Zot.
You glow in the dark.
You regain HP and MP as you explore.


Message History

You see here a +0 dagger.
You now have 7 gold pieces.
You start waiting.
An adder comes into view.
You miss the adder. The adder closely misses you.
The adder bites you but does no damage.
You barely miss the adder. The adder bites you.
You miss the adder.
The adder bites you but does no damage. x2
You miss the adder. The adder closely misses you. The adder bites you.
You are poisoned.
The adder poisons you!
You sock the adder!
The adder is almost dead.
You feel sick. The adder bites you but does no damage.
You closely miss the adder.
The adder is almost dead.
You feel sick. The adder bites you. x2
You are lethally poisoned!
The adder poisons you!
Okay, then.
Unknown command.
As you read the scroll of fear, it crumbles to dust.
You assume a fearsome visage.
The adder looks frightened!
* * * LOW HITPOINT WARNING * * *
You feel sick.
* * * LOW HITPOINT WARNING * * *
You feel sick.
* * * LOW HITPOINT WARNING * * *
You feel sick.
* * * LOW HITPOINT WARNING * * *
You feel sick.
* * * LOW HITPOINT WARNING * * *
You feel sick.
* * * LOW HITPOINT WARNING * * *
You feel sick.
Cornered, the adder turns to fight!
Okay, then.
Okay, then.
Unknown command.
You feel yourself speed up.
You die...

* * ,, ,, , ##*
######, ..
.....#+##
###.## #......#
......##.....@#
....)..>).....#
..#.#.#.).....#
,..,#.......#
#.###.......#
#...........#
...##S......#
.. #.####### .
#+#


You could see an adder.

Vanquished Creatures
  An adder (D:3)
  A kobold (D:3)
2 creatures vanquished.

Notes
Turn   | Place    | Note
-------+----------+-------------------------------------------
     0 | D:5      | Armakuni the Meteoran Delver began the quest for the Orb.
     0 | D:5      | Reached XP level 1. HP: 19/19 MP: 2/2
     1 | D:5      | Noticed a bullfrog
     6 | D:4      | Noticed an iguana
    23 | D:3      | Reached XP level 2. HP: 16/26 MP: 3/3
    72 | D:3      | HP: 1/26 [poisoned by an adder]
    73 | D:3      | Succumbed to an adder's poison

Illustrated notes

Levels and vault maps discovered:
D:3:      layout_basic, uniq_pargi
D:4:      layout_cave_pools, nicolae_ru_great_annihilating_truth, hex_large,
          uniq_edmund
D:5:      layout_gridville, mainiacjoe_overflow_brackets, uniq_prince_ribbit1

Skill      XL: |  1 |
---------------+----+-----
Maces & Flails | 3 |  3.8
Fighting       | |  3.2
Dodging        | |  2.4
Stealth        | |  3.7

Action                   || total
-------------------------++-------
Melee: Mace              ||    12
  Use: Scroll            ||     2
       Potion            ||     1
Armor: Leather armour    ||     9
Dodge: Dodged            ||     7
